[Event "2nd Yerevan Open"]
[Site "?"]
[Date "2017.09.21"]
[Round "3.1"]
[White "Onischuk, Vladimir"]
[Black "Mikaelyan, Arman"]
[Result "0-1"]
[ECO "C50"]
[WhiteElo "2638"]
[BlackElo "2474"]
[PlyCount "92"]
[EventDate "2017.??.??"]
[TimeControl "6000+1460"]
[WhiteClock "0:31:33"]
[BlackClock "0:38:44"]

1. e4 e5 2. Nf3 Nc6 3. Bc4 Bc5 4. O-O Nf6 5. d3 d6 6. c3 a6 7. Bb3 Ba7 8. Nbd2
O-O 9. h3 Be6 10. Bc2 d5 11. exd5 Bxd5 12. Re1 Re8 13. Nh4 Be6 14. Nhf3 Bf5 15.
Qe2 h6 16. Ne4 Nd5 17. Bd2 Bg6 18. Bb3 Kh8 19. Ng3 Bh7 20. Rad1 f5 21. d4 e4
22. Bc1 Qd6 23. Nh4 Nde7 24. Qh5 Rf8 25. f4 Na5 26. Nxe4 fxe4 27. Qxa5 b5 28.
Qa3 c5 29. Be3 Qf6 30. g3 c4 31. Bc2 Nd5 32. Ng2 a5 33. Rd2 Rfc8 34. Bf2 Bb8
35. Ne3 Nxe3 36. Rxe3 Bd6 37. b4 axb4 38. Qc1 bxc3 39. Rxc3 b4 40. Re3 Rxa2 41.
Bxe4 Rxd2 42. Qxd2 c3 43. Qc2 Bxe4 44. Rxe4 b3 45. Qxb3 c2 46. Be3 Qg6 0-1

[Event "2nd Yerevan Open"]
[Site "?"]
[Date "2017.09.21"]
[Round "3.2"]
[White "Hayrapetyan, Hovik"]
[Black "Petrosian, Tigran L"]
[Result "1/2-1/2"]
[ECO "B06"]
[WhiteElo "2472"]
[BlackElo "2615"]
[PlyCount "114"]
[EventDate "2017.??.??"]
[TimeControl "6000+2060"]
[WhiteClock "0:39:29"]
[BlackClock "0:35:12"]

1. d4 g6 2. e4 Bg7 3. Nc3 c6 4. Be3 d5 5. Qd2 dxe4 6. Nxe4 Nf6 7. Nxf6+ Bxf6 8.
Nf3 Nd7 9. h4 Nb6 10. h5 Qd5 11. b3 Bg4 12. hxg6 hxg6 13. Rxh8+ Bxh8 14. Be2
O-O-O 15. O-O-O Qh5 16. c4 Bf6 17. Qb4 Qf5 18. a4 Nd7 19. Qa3 a6 20. b4 e5 21.
b5 exd4 22. Bxd4 Bxf3 23. Bxf3 Ne5 24. Bxe5 Bg5+ 25. Kb2 Rxd1 26. Bxd1 Qxe5+
27. Qc3 Qd6 28. Kc2 Qc5 29. Bf3 Qxf2+ 30. Kb3 Qc5 31. Qb4 Qe3+ 32. Qc3 Qc5 33.
Qb4 Qf5 34. Qe1 axb5 35. axb5 cxb5 36. Qe8+ Kc7 37. Qxb5 Qb1+ 38. Kc3 Qc1+ 39.
Kb3 Qe3+ 40. Ka4 Qa7+ 41. Qa5+ Qxa5+ 42. Kxa5 b6+ 43. Kb5 Be3 44. Bd5 f5 45.
Bf7 g5 46. Kb4 Bd4 47. Kb3 Kd6 48. Kc2 g4 49. Kd3 Ke5 50. Ke2 Bc5 51. Be8 Kf4
52. Bd7 Kg5 53. g3 Kf6 54. Kf1 Ke5 55. Kg2 Bd6 56. Bc8 Ke4 57. Bd7 f4 1/2-1/2

[Event "2nd Yerevan Open"]
[Site "?"]
[Date "2017.09.21"]
[Round "3.3"]
[White "Babujian, Levon"]
[Black "Andriasian, Zaven"]
[Result "1/2-1/2"]
[ECO "B26"]
[WhiteElo "2458"]
[BlackElo "2593"]
[PlyCount "101"]
[EventDate "2017.??.??"]
[TimeControl "6000+985"]
[WhiteClock "0:14:55"]
[BlackClock "0:10:13"]

1. e4 c5 2. Nc3 d6 3. g3 Nc6 4. Bg2 g6 5. d3 Bg7 6. Be3 Rb8 7. a4 a6 8. Qd2 b5
9. axb5 axb5 10. Nge2 b4 11. Nd1 Nf6 12. Bh6 O-O 13. Bxg7 Kxg7 14. O-O Bb7 15.
f4 Qb6 16. Ne3 Ra8 17. Rae1 c4 18. d4 Na5 19. f5 e5 20. fxe6 fxe6 21. e5 dxe5
22. dxe5 Nd5 23. Bxd5 Bxd5 24. Rf6 Nc6 25. Nf4 Nxe5 26. Qxd5 Kxf6 27. Nxe6 Nf3+
28. Qxf3+ Kxe6 29. Qd5+ Kf6 30. Qd7 Rae8 31. Kg2 Rxe3 32. Rf1+ Kg5 33. Rxf8 Qe6
34. Qd4 Qe4+ 35. Qxe4 Rxe4 36. Kf3 Re1 37. h4+ Kh6 38. Rc8 Rb1 39. Rxc4 Rxb2
40. g4 g5 41. h5 b3 42. cxb3 Rxb3+ 43. Ke4 Rb5 44. Rd4 Rb1 45. Rd6+ Kg7 46. Kf5
Rb5+ 47. Ke6 Rb7 48. Rd5 Rb6+ 49. Ke5 Rb7 50. Kd6 Rb4 51. Rxg5+ 1/2-1/2

[Event "2nd Yerevan Open"]
[Site "?"]
[Date "2017.09.21"]
[Round "3.4"]
[White "Pashikian, Arman"]
[Black "Nalbandian, Tigran"]
[Result "1/2-1/2"]
[ECO "E94"]
[WhiteElo "2592"]
[BlackElo "2455"]
[PlyCount "40"]
[EventDate "2017.??.??"]
[TimeControl "6000+1290"]
[WhiteClock "0:20:47"]
[BlackClock "0:25:51"]

1. d4 Nf6 2. Nf3 g6 3. c4 Bg7 4. Nc3 O-O 5. e4 d6 6. Be2 e5 7. O-O a5 8. dxe5
dxe5 9. Qxd8 Rxd8 10. Nd5 Nxd5 11. cxd5 c6 12. Bg5 Re8 13. Bc4 cxd5 14. Bxd5
Nc6 15. Rfd1 Nb4 16. Bc4 h6 17. Bd2 Be6 18. Bxe6 Rxe6 19. Bc3 Rc8 20. Rd2 b6
1/2-1/2

[Event "2nd Yerevan Open"]
[Site "?"]
[Date "2017.09.21"]
[Round "3.5"]
[White "Aleksandrov, Aleksej"]
[Black "Sargsyan, Shant"]
[Result "1-0"]
[ECO "E35"]
[WhiteElo "2580"]
[BlackElo "2436"]
[PlyCount "131"]
[EventDate "2017.??.??"]
[TimeControl "6000+1145"]
[WhiteClock "0:06:36"]
[BlackClock "0:00:55"]

1. d4 Nf6 2. c4 e6 3. Nc3 Bb4 4. Qc2 d5 5. cxd5 exd5 6. Bg5 h6 7. Bh4 O-O 8. e3
Be6 9. a3 Bxc3+ 10. Qxc3 Bf5 11. Nf3 Nbd7 12. Be2 c6 13. Nd2 Re8 14. O-O Qb6
15. b4 a5 16. f3 axb4 17. axb4 Rxa1 18. Rxa1 g5 19. Bf2 Nf8 20. h3 h5 21. b5
cxb5 22. Qb4 Ne6 23. g4 hxg4 24. hxg4 Bg6 25. Qxb5 Qxb5 26. Bxb5 Rc8 27. Bg3
Rc2 28. Be5 Kg7 29. Nf1 Rb2 30. Bd7 Bd3 31. Ng3 Kg6 32. Bc8 b5 33. Ra6 b4 34.
Bxe6 Bxa6 35. Bf5+ Kg7 36. Nh5+ Kf8 37. Bd6+ Ke8 38. Nxf6+ Kd8 39. Nxd5 b3 40.
Be7+ Ke8 41. Bxg5 Be2 42. Be4 Rd2 43. Nc3 Bd3 44. Bc6+ Kf8 45. d5 Bc4 46. Na4
Bxd5 47. Bxd5 Rxd5 48. Bf6 Rd2 49. Kf1 Ke8 50. Ke1 Rc2 51. Nb2 Kd7 52. Nd3 Kd6
53. Be5+ Ke6 54. Kd1 Rc8 55. Bb2 Kd5 56. Bd4 Kc4 57. Kd2 Kb5 58. e4 Kc4 59. Ke3
Rd8 60. Ne5+ Kb5 61. Bb2 f6 62. Nd3 Kc4 63. Nf4 Rd1 64. Bxf6 Re1+ 65. Kd2 Rf1
66. Nd3 1-0

[Event "2nd Yerevan Open"]
[Site "?"]
[Date "2017.09.21"]
[Round "3.6"]
[White "Martirosyan, Haik M"]
[Black "Yegiazarian, Arsen"]
[Result "1/2-1/2"]
[ECO "E04"]
[WhiteElo "2570"]
[BlackElo "2421"]
[PlyCount "108"]
[EventDate "2017.??.??"]
[TimeControl "6000+1620"]
[WhiteClock "0:16:25"]
[BlackClock "0:06:30"]

1. d4 Nf6 2. c4 e6 3. Nf3 d5 4. g3 dxc4 5. Bg2 c5 6. O-O Nc6 7. dxc5 Qxd1 8.
Rxd1 Bxc5 9. Nbd2 c3 10. bxc3 O-O 11. Ne1 Be7 12. Nd3 Rd8 13. Rb1 Nd5 14. Bb2
Bd7 15. Ba1 Rab8 16. c4 Ndb4 17. Nxb4 Nxb4 18. Be5 Rbc8 19. Bxb7 Rc5 20. Bd6
Bxd6 21. Ne4 Rc7 22. Rxd6 Rxb7 23. a3 Rc8 24. Rxb4 Rbc7 25. Nd2 Kf8 26. f4 Ke7
27. Rd3 h6 28. Kf2 g5 29. e4 f6 30. Rc3 Bc6 31. c5 a5 32. Rb2 Ba4 33. Rc4 Bd7
34. Rbc2 Bb5 35. R4c3 Rd7 36. Rb2 Ba4 37. Ke3 Rdc7 38. Rc4 Be8 39. Rbc2 Bb5 40.
R4c3 Ba4 41. Rc1 g4 42. e5 f5 43. c6 h5 44. Rc5 Rxc6 45. Rxc6 Bxc6 46. Rc5 Kd7
47. Rxa5 Bd5 48. Ra7+ Kc6 49. Rh7 Kb5 50. Rxh5 Rc3+ 51. Kd4 Rxa3 52. Nb1 Ra4+
53. Ke3 Re4+ 54. Kf2 Kc5 1/2-1/2

[Event "2nd Yerevan Open"]
[Site "?"]
[Date "2017.09.21"]
[Round "3.7"]
[White "Mkrtchian, Lilit"]
[Black "Grigoryan, Karen H"]
[Result "0-1"]
[ECO "D11"]
[WhiteElo "2401"]
[BlackElo "2568"]
[PlyCount "126"]
[EventDate "2017.??.??"]
[TimeControl "6000+1105"]
[WhiteClock "0:00:59"]
[BlackClock "0:42:12"]

1. d4 d5 2. c4 c6 3. Nf3 Nf6 4. e3 Bg4 5. h3 Bh5 6. Nc3 e6 7. Be2 Nbd7 8. O-O
Bd6 9. b3 O-O 10. Bb2 Qe7 11. Ne5 Bxe2 12. Nxe2 a5 13. a4 Rfd8 14. Qc2 Bc7 15.
Ng3 Nxe5 16. dxe5 Nd7 17. cxd5 exd5 18. f4 Qe6 19. Nf5 Re8 20. Nd4 Qg6 21. Qxg6
hxg6 22. Rf3 Nc5 23. Rg3 Ne4 24. Rg4 Bd8 25. Rf1 f5 26. exf6 Bxf6 27. Bc1 Kh7
28. f5 g5 29. g3 Ra6 30. h4 gxh4 31. gxh4 Rb6 32. Rf3 Nc5 33. Ba3 Nd3 34. Rfg3
Re4 35. Bf8 Rxg4 36. Rxg4 Ne5 37. Rg3 Nd7 38. Bd6 c5 39. Nb5 c4 40. bxc4 dxc4
41. Rg2 c3 42. Rc2 Rc6 43. Kf1 Nb6 44. e4 Nc4 45. Bf4 Be5 46. Bc1 Nb2 47. Ke2
Rc4 48. Kf3 Nd3 49. Ke3 Nc5 50. Ba3 Rxe4+ 51. Kf3 Rf4+ 52. Ke3 Nxa4 53. Bd6
Bxd6 54. Nxd6 Rb4 55. Kd3 b5 56. Ra2 Kh6 57. Nb7 Rxh4 58. Nxa5 Rh3+ 59. Kd4 Nb2
60. Nb3 b4 61. Ra1 c2 62. Nc1 Rh1 63. Ke3 Rd1 0-1

[Event "2nd Yerevan Open"]
[Site "?"]
[Date "2017.09.21"]
[Round "3.8"]
[White "Tahbaz, Arash"]
[Black "Korneev, Oleg"]
[Result "1/2-1/2"]
[ECO "D17"]
[WhiteElo "2381"]
[BlackElo "2550"]
[PlyCount "63"]
[EventDate "2017.??.??"]
[TimeControl "6000+1085"]
[WhiteClock "0:03:10"]
[BlackClock "0:09:41"]

1. d4 d5 2. c4 c6 3. Nc3 Nf6 4. Nf3 dxc4 5. a4 Bf5 6. Ne5 Nbd7 7. Nxc4 Nb6 8.
Ne5 a5 9. g3 e6 10. Bg2 Bb4 11. O-O h6 12. e3 O-O 13. Qe2 Bh7 14. Bd2 Nfd7 15.
f4 Nxe5 16. fxe5 c5 17. Nb5 cxd4 18. exd4 Nd5 19. Bxb4 Nxb4 20. Rf3 Qb6 21. Rc3
Rad8 22. Qc4 Nd5 23. Qc5 Qa6 24. Rcc1 b6 25. Qa3 Rc8 26. Bxd5 exd5 27. Qe7 Be4
28. Qd7 Rcd8 29. Qc6 Rc8 30. Qd7 Rcd8 31. Qc6 Rc8 32. Qd7 1/2-1/2

[Event "2nd Yerevan Open"]
[Site "?"]
[Date "2017.09.21"]
[Round "3.9"]
[White "Tabatabaei, M.Amin"]
[Black "Omidi, Arya"]
[Result "1-0"]
[ECO "E25"]
[WhiteElo "2548"]
[BlackElo "2402"]
[PlyCount "59"]
[EventDate "2017.??.??"]
[TimeControl "5400+810"]
[WhiteClock "0:46:51"]
[BlackClock "0:34:03"]

1. d4 Nf6 2. c4 e6 3. Nc3 Bb4 4. f3 d5 5. a3 Bxc3+ 6. bxc3 c5 7. cxd5 Nxd5 8.
dxc5 f5 9. e4 fxe4 10. Qc2 e3 11. Bd3 Nd7 12. Ne2 Nxc5 13. O-O Nxd3 14. Qxd3
O-O 15. Rd1 Qf6 16. Bxe3 Nxe3 17. Qxe3 b6 18. Rd6 Rd8 19. Rad1 Rxd6 20. Rxd6
Qe7 21. Qd4 Ba6 22. Nf4 Qh4 23. Qe4 Rf8 24. Qxe6+ Kh8 25. g3 Qg5 26. Rd5 Qf6
27. Qxf6 gxf6 28. Rd7 Bc4 29. Rxa7 b5 30. Kf2 1-0

[Event "2nd Yerevan Open"]
[Site "?"]
[Date "2017.09.21"]
[Round "3.10"]
[White "Harutyunian, Tigran K"]
[Black "Nugumanov, Bakhtiyar"]
[Result "1/2-1/2"]
[ECO "E07"]
[WhiteElo "2520"]
[BlackElo "2401"]
[PlyCount "107"]
[EventDate "2017.??.??"]
[TimeControl "6000+1815"]
[WhiteClock "0:00:54"]
[BlackClock "0:16:07"]

1. Nf3 e6 2. g3 d5 3. Bg2 Nf6 4. O-O Be7 5. c4 O-O 6. d4 c6 7. Nc3 Nbd7 8. Qd3
b6 9. e4 Ba6 10. b3 dxc4 11. bxc4 e5 12. Ne2 Qc7 13. Qc2 Rfe8 14. Bb2 Bd6 15.
Qa4 Bb7 16. c5 bxc5 17. dxe5 Nxe5 18. Nxe5 Bxe5 19. Rab1 Bxb2 20. Rxb2 Nd7 21.
Rc1 Reb8 22. Nf4 Bc8 23. Rd2 Rb5 24. Nd5 Qd8 25. Rcd1 Rab8 26. Nc3 R5b7 27.
Qxc6 Qa5 28. Nd5 Nf8 29. Qd6 Bd7 30. Bf1 Ba4 31. Ne7+ Kh8 32. Nc6 Bxc6 33. Qxc6
Ne6 34. Rd5 h6 35. Bh3 Rc7 36. Qd6 Qb6 37. Qe5 Re7 38. Rd6 Qc7 39. Bxe6 fxe6
40. Qc3 Rb1 41. Kg2 Rxd1 42. Rxd1 Re8 43. Qc4 Qc6 44. h4 Rb8 45. a3 Kh7 46. Rd2
Rb1 47. Qc2 Re1 48. Rd4 Qb5 49. Rc4 e5 50. a4 Qa6 51. Qc3 Rd1 52. Qc2 Re1 53.
Qb3 Rb1 54. Qc2 1/2-1/2

[Event "2nd Yerevan Open"]
[Site "?"]
[Date "2017.09.21"]
[Round "3.11"]
[White "Ghukasyan, Siranush"]
[Black "Kislinsky, Alexey"]
[Result "0-1"]
[ECO "B30"]
[WhiteElo "2218"]
[BlackElo "2505"]
[PlyCount "106"]
[EventDate "2017.??.??"]
[TimeControl "6000+720"]
[WhiteClock "0:01:10"]
[BlackClock "0:46:51"]

1. e4 c5 2. Nf3 Nc6 3. Bb5 Nf6 4. Nc3 g6 5. O-O Bg7 6. h3 O-O 7. Re1 d6 8. a4
e5 9. d3 h6 10. Be3 Nd4 11. Bc4 Kh7 12. Nd5 Be6 13. Nxf6+ Qxf6 14. Nxd4 cxd4
15. Bd2 Bxc4 16. dxc4 Qe6 17. Qe2 Rac8 18. b3 f5 19. Rad1 f4 20. Qf3 g5 21. Qh5
a6 22. a5 Rc5 23. Bb4 Rc6 24. Bd2 Bf6 25. g3 Rc7 26. gxf4 exf4 27. f3 d3 28.
cxd3 Bd4+ 29. Kh1 Rc5 30. b4 Re5 31. Re2 Rg8 32. Qg4 Qe8 33. Rh2 Qa4 34. Re1
Qb3 35. Rg2 Rg7 36. Bxf4 Qxb4 37. Bd2 Bc3 38. Bxc3 Qxc3 39. Rd1 Rxa5 40. f4
gxf4 41. Qxf4 Rxg2 42. Kxg2 Qg7+ 43. Kh1 Rh5 44. Qf3 Rg5 45. Rf1 a5 46. Rb1 Kg8
47. e5 Rg3 48. Qd5+ Kh8 49. Kh2 Re3 50. Qg2 Qxe5+ 51. Kh1 Re2 52. Qg1 Qf4 53.
Rf1 Rh2+ 0-1

[Event "2nd Yerevan Open"]
[Site "?"]
[Date "2017.09.21"]
[Round "3.12"]
[White "Gabrielian, Artur"]
[Black "Gharibyan, Mamikon"]
[Result "1-0"]
[ECO "C68"]
[WhiteElo "2501"]
[BlackElo "2365"]
[PlyCount "85"]
[EventDate "2017.??.??"]
[TimeControl "6000+1000"]
[WhiteClock "0:33:36"]
[BlackClock "0:30:50"]

1. e4 e5 2. Nf3 Nc6 3. Bb5 a6 4. Bxc6 dxc6 5. Nc3 Bc5 6. d3 Ne7 7. O-O Ng6 8.
Ne2 Bg4 9. Ne1 Qf6 10. Qd2 O-O-O 11. h3 Be6 12. Qg5 Qxg5 13. Bxg5 f6 14. Be3
Bxe3 15. fxe3 c5 16. b3 Ne7 17. Nf3 Nc6 18. Kf2 b5 19. a3 Kb7 20. Rab1 Rhe8 21.
g4 Rd7 22. Rg1 h6 23. Ng3 Kc8 24. Rgd1 Red8 25. Ke2 c4 26. bxc4 bxc4 27. Rdc1
Na7 28. d4 exd4 29. exd4 c3 30. d5 Bg8 31. Rb3 Re7 32. Rcb1 Kd7 33. Kd3 Bh7 34.
Nd4 Ke8 35. Rb8 Rxb8 36. Rxb8+ Kd7 37. Ngf5 Bxf5 38. gxf5 Kd6 39. Ra8 c6 40.
Nxc6 Nxc6 41. Rxa6 Kc5 42. Rxc6+ Kb5 43. Rxc3 1-0